 Dungeon Crawl Stone Soup version 0.26-a0-1033-gd598b01645 (webtiles) character file.

Game seed: 11975039388694965125

10 Morbidden the Conjurer (level 2, 20/20 HPs)
             Began as a Demonspawn Conjurer on Dec 10, 2020.
             Quit the game on level 1 of the Dungeon.
             The game lasted 00:00:31 (400 turns).

Morbidden the Conjurer (Demonspawn Conjurer)         Turns: 400, Time: 00:00:32

Health: 20/20      AC:  2    Str:  7    XL:     2   Next: 10%
Magic:  2/5        EV: 12    Int: 19    God:
Gold:   29         SH:  0    Dex: 11    Spells: 4/5 levels left

rFire    . . .     SeeInvis .   (no weapon)
rCold    . . .     Faith    .   (no shield)
rNeg     . . .     Spirit   .   a - +0 robe
rPois    .         Reflect  .   (no helmet)
rElec    .         Harm     .   (no cloak)
rCorr    .         Rampage  .   (no gloves)
Will     .....                  (no boots)
Stlth    ++........             (no amulet)
HPRegen  1.06/turn              (no ring)
MPRegen  0.09/turn              (no ring)

@: no status effects
A: powered by death 1
a: no special abilities


You were on level 1 of the Dungeon.
You visited 1 branch of the dungeon, and saw 1 of its levels.

You collected 29 gold pieces.

Inventory:

Armour
 a - a +0 robe (worn)
Potions
 b - a potion of degeneration {unknown}
 c - 2 potions of curing {unknown}


   Skills:
 * Level 0.5 Fighting
 + Level 1.7 Dodging
 + Level 1.7 Stealth
 * Level 2.1 Spellcasting
 * Level 4.3 Conjurations


You had 4 spell levels left.
You knew the following spells:

 Your Spells              Type           Power        Failure   Level
a - Magic Dart            Conj           ###.         2%          1

Your spell library contained the following spells:

 Spells                   Type           Power        Failure   Level
 Searing Ray              Conj           ###...       4%          2
 Dazzling Flash           Conj/Hex       ##....       21%         3
 Fulminant Prism          Conj/Hex       ##........   56%         4
 Iskenderun's Mystic Bla  Conj/Tloc      ##......     56%         4


Dungeon Overview and Level Annotations

Branches:
Dungeon (1/15)

Altars:


Innate Abilities, Weirdness & Mutations

You regenerate a little health from kills.


Message History

The hobgoblin closely misses you.
Casting: Magic Dart (safe; 2% risk of failure)
Confirm with . or Enter, or press ? or * to list all spells.
Aiming: Magic Dart (safe; 2% risk of failure)
Press: ? - help, Shift-Dir - straight line, f/p - hobgoblin
Aim: a hobgoblin (0% to evade)
The magic dart hits the hobgoblin.
You kill the hobgoblin!
Unknown command.
Casting: Magic Dart (safe; 2% risk of failure)
Confirm with . or Enter, or press ? or * to list all spells.
You can't see any susceptible monsters within range! (Use Z to cast anyway.)
Casting: Magic Dart (safe; 2% risk of failure)
Confirm with . or Enter, or press ? or * to list all spells.
You can't see any susceptible monsters within range! (Use Z to cast anyway.)
Casting: Magic Dart (safe; 2% risk of failure)
Confirm with . or Enter, or press ? or * to list all spells.
You can't see any susceptible monsters within range! (Use Z to cast anyway.) Unknown command.
Are you sure you want to abandon this character and quit the game? (Confirm with "yes".)

#.# #.# #
#.# #.##
#.# #...
###.#
####
#...#
#.### #.#
#@#
#.†......
#.#######
#.# #.#
#.# ###


There were no monsters in sight!

Vanquished Creatures
  A leopard gecko (D:1)
  2 goblins (D:1)
  3 hobgoblins (D:1)
  A frilled lizard (D:1)
  A rat (D:1)
8 creatures vanquished.

Notes
Turn   | Place    | Note
-------+----------+-------------------------------------------
     0 | D:1      | Morbidden the Demonspawn Conjurer began the quest for the
                  | Orb.
     0 | D:1      | Reached XP level 1. HP: 13/13 MP: 3/3
     2 | D:1      | Noticed a ghoul
     2 | D:1      | Noticed a vine stalker
     4 | D:1      | Noticed a troll
     4 | D:1      | Noticed a halfling
     6 | D:1      | Noticed a gargoyle
     6 | D:1      | Noticed a naga
     8 | D:1      | Noticed a dwarf
     8 | D:1      | Noticed a formicid
    10 | D:1      | Noticed a centaur
    12 | D:1      | Noticed a vampire
    14 | D:1      | Noticed an elf
    16 | D:1      | Noticed a demigod
    16 | D:1      | Noticed a minotaur
    18 | D:1      | Noticed an octopode
    20 | D:1      | Noticed a human
    20 | D:1      | Noticed a felid
    22 | D:1      | Noticed an ogre
    22 | D:1      | Noticed a spriggan
    24 | D:1      | Noticed a draconian
    24 | D:1      | Noticed a demonspawn
    26 | D:1      | Noticed a tengu
    26 | D:1      | Noticed a merfolk
   320 | D:1      | Gained mutation: You regenerate a little health from kills.
                  | [demonic ancestry]
   320 | D:1      | Reached XP level 2. HP: 20/20 MP: 0/5
   400 | D:1      | Quit the game

Illustrated notes

Levels and vault maps discovered:
D:1:      kb_arrival_jail, layout_loops_ring,
          hangedman_abyss_or_decor_lesser_grid, chequers_serial_rivers_large_b,
          minmay_ruptured

Action                   || total
-------------------------++-------
Melee: Unarmed           ||     4
 Cast: Magic Dart        ||    17
Armor: Robe              ||     1
Dodge: Dodged            ||     1

Table legend: (Time is in decaauts)
 A = Elapsed time spent in this place.
 B = Non-inter-level travel time spent in this place.
 C = Inter-level travel time spent in this place.
 D = Time resting spent in this place.
 E = Time spent auto-exploring this place.
 F = Levels seen in this place.
 G = Mean time per level.
                   A        B        C        D        E       F      G
               +--------+--------+--------+--------+--------+-----+--------+
         Total |    400 |    400 |      0 |      0 |    335 |   1 |  400.0 |
       Dungeon |    400 |    400 |      0 |      0 |    335 |   1 |  400.0 |
               +--------+--------+--------+--------+--------+-----+--------+

Top non-repeatable levels by time:
     D:1: 400 daAuts
